 Dungeon Crawl Stone Soup version 0.17.0 (webtiles) character file.

338 xeno23 the Chiller (level 6, 0/42 HPs)
             Began as a Merfolk Ice Elementalist on Nov 7, 2015.
             Was an Initiate of Vehumet.
             Slain by a centaur (7 damage)
             ... on level 4 of the Dungeon.
             The game lasted 00:26:53 (3739 turns).

xeno23 the Chiller (Merfolk Ice Elementalist)       Turns: 3739, Time: 00:26:53

Health: 0/42       AC:  3    Str:  8    XL:     6   Next: 55%
Magic:  0/10       EV: 14    Int: 16    God:    Vehumet [......]
Gold:   203        SH:  0    Dex: 15    Spells: 4 memorised, 0 levels left

rFire  + . .     SeeInvis .     B - +0 dagger (elec)
rCold  . . .     Clarity  .     a - +0 robe
rNeg   . . .     SustAt   .     (no shield)
rPois  .         Gourm    .     (no helmet)
rElec  .         Spirit   .     d - +0 cloak
rCorr  .         Warding  .     (no gloves)
rMut   +         Stasis   .     (no boots)
MR     .....                    z - amulet of resist mutation
Stlth  ++........               q - ring of protection from fire
                                i - ring of wizardry

@: not resistant to hostile enchantments, unstealthy
A: change form in water, swift swim
a: Renounce Religion


You were on level 4 of the Dungeon.
You worshipped Vehumet.
Vehumet was noncommittal.
You were very hungry.

You visited 1 branch of the dungeon, and saw 5 of its levels.

You collected 203 gold pieces.

Inventory:

Hand Weapons
 B - a +0 dagger of electrocution (weapon)
Missiles
 s - 26 poisoned needles
Armour
 a - a +0 robe (worn)
 d - a +0 cloak (worn)
Jewellery
 e - an uncursed amulet of stasis
 i - a ring of wizardry (left hand)
 q - a ring of protection from fire (right hand)
 z - an amulet of resist mutation (around neck)
Wands
 f - a wand of frost (31)
 r - a wand of random effects (25)
 v - a wand of polymorph (0)
 w - a wand of lightning (8)
 A - a wand of slowing (33)
Scrolls
 g - a scroll of teleportation
 j - a scroll of magic mapping
 l - 2 scrolls of remove curse
 x - a scroll of enchant weapon
 y - a scroll of fear
Potions
 k - a potion of agility
 n - a potion of degeneration {unknown}
 t - a potion of cancellation {unknown}
 u - a potion of lignification {unknown}
Books
 b - a book of Frost

   Spells                             Type                      Level
   a - Freeze                         Ice                          1
   b - Throw Frost                    Conjuration/Ice              2
   c - Ozocubu's Armour               Charms/Ice                   3
   d - Throw Icicle                   Conjuration/Ice              4
   e - Summon Ice Beast               Ice/Summoning                4
   f - Condensation Shield            Ice                          4
 p - a book of Necromancy

   Spells                             Type                      Level
   a - Pain                           Necromancy                   1
   b - Animate Skeleton               Necromancy                   1
   c - Vampiric Draining              Necromancy                   3
   d - Regeneration                   Charms/Necromancy            3
   e - Animate Dead                   Necromancy                   4
   f - Control Undead                 Necromancy                   4
Comestibles
 c - 3 bread rations
 m - 2 meat rations
 o - 2 fruits


   Skills:
 + Level 0.9 Fighting
 - Level 4.0 Dodging
 - Level 2.1 Stealth
 + Level 2.9 Spellcasting
 + Level 1.8 Conjurations
 + Level 0.7 Charms
 * Level 2.2 Summonings
 * Level 5.5 Ice Magic


You couldn't memorise any spells.
You knew the following spells:

 Your Spells              Type           Power        Failure   Level  Hunger
a - Freeze                Ice            ###.         1%          1    #......
c - Summon Ice Beast      Ice/Summ       ##......     16%         4    #####..
d - Ozocubu's Armour      Chrm/Ice       ##......     7%          3    ###....
q - Throw Frost           Conj/Ice       ##....       4%          2    ##.....


Dungeon Overview and Level Annotations

Branches:
Dungeon (5/15)
 Temple: D:4-7

Altars:
Cheibriados
Kikubaaqudgha
Okawaru
Vehumet
Xom
Zin
The Shining One

Annotations:
D:3 FUKTRUK's ghost, amateur VSMo
D:4 1 runed door, exclusion: angel


Message History

Confirm with . or Enter, or press ? or * to list all spells.
Aiming: Freeze
Press: ? - help, Shift-Dir - straight line, f/p - centaur
Aim: a centaur (moderately wounded)
You freeze the centaur.
The centaur is heavily wounded.
The centaur hits you!
Your ice beast barely misses the centaur.
The centaur hits you.
* * * LOW HITPOINT WARNING * * *
You take 13 damage.
Casting: Freeze
Confirm with . or Enter, or press ? or * to list all spells.
Aiming: Freeze
Press: ? - help, Shift-Dir - straight line, f/p - centaur
Aim: a centaur (heavily wounded)
You freeze the centaur.
The centaur is severely wounded.
The centaur hits you!
You die...

#.[###.###..##.# #.#
##.)##>##......# #.#
##..###...##..# #.#
##.....#.##..# #..
##########.##..####..
#.........#..........
#.##..(.##.#...####.#
#.##c......>........#
#.##@Y..####....#####
#..(.#### ##.#....<.
#..### #.(.......
#..# #(###.#### #..#
#(# #.# #..###### #.#
#.# #..##...# #.# #.#
#..##...####.###.#
#..##............#


You could see a centaur and a friendly ice beast.

Vanquished Creatures
  Ijyb (D:2)
  3 orc wizards (D:4)
  3 worker ants (D:4)
  6 adders
  An ooze (D:2)
  3 worms
  2 giant geckos
  3 orcs (D:4)
  2 hobgoblins
  A quokka (D:3)
  2 ball pythons
  7 bats
  4 giant cockroaches
  2 giant newts
  5 goblins
  11 kobolds
  6 rats
62 creatures vanquished.

Vanquished Creatures (collateral kills)
  A scorpion (D:4)
1 creature vanquished.

Grand Total: 63 creatures vanquished

Notes
Turn   | Place    | Note
--------------------------------------------------------------
     0 | D:1      | xeno23 the Merfolk Ice Elementalist began the quest for the Orb.
     0 | D:1      | Reached XP level 1. HP: 13/13 MP: 3/3
   306 | D:1      | Reached XP level 2. HP: 16/19 MP: 3/5
   331 | D:1      | Learned a level 2 spell: Throw Frost
  1027 | D:2      | Reached skill level 4 in Ice Magic
  1027 | D:2      | Reached XP level 3. HP: 16/24 MP: 0/6
  1136 | D:2      | Reached skill level 1 in Conjurations
  1366 | D:2      | Found an ancient bone altar of Kikubaaqudgha.
  1372 | D:2      | Reached XP level 4. HP: 23/30 MP: 2/7
  1377 | D:2      | Found a shimmering altar of Xom.
  1380 | D:2      | Found a snail-covered altar of Cheibriados.
  1383 | D:2      | Found a glowing golden altar of the Shining One.
  1586 | D:2      | Noticed Ijyb
  1610 | D:2      | Killed Ijyb
  1716 | D:2      | Learned a level 4 spell: Summon Ice Beast
  1973 | D:3      | Noticed FUKTRUK's ghost (amateur VSMo)
  2010 | D:3      | Found a glowing golden altar of the Shining One.
  2046 | D:3      | Found a radiant altar of Vehumet.
  2054 | D:3      | Became a worshipper of Vehumet
  2058 | D:3      | Reached XP level 5. HP: 35/35 MP: 5/8
  2434 | D:4      | Noticed an ogre
  2669 | D:4      | Reached skill level 5 in Ice Magic
  2741 | D:4      | Found an iron altar of Okawaru.
  2847 | D:4      | Reached skill level 1 in Summonings
  2875 | D:4      | Found a glowing silver altar of Zin.
  2875 | D:4      | Noticed an angel
  2881 | D:4      | Found a runed door.
  2967 | D:4      | Reached XP level 6. HP: 17/42 MP: 0/10
  3065 | D:4      | Learned a level 3 spell: Ozocubu's Armour
  3467 | D:5      | Entered Level 5 of the Dungeon
  3739 | D:4      | Slain by a centaur

Action                   |  1- 3 |  4- 6 || total
-------------------------+-------+-------++-------
Melee: Unarmed           |    11 |       ||    11
       Dagger            |    60 |    59 ||   119
 Cast: Freeze            |    28 |    52 ||    80
       Throw Frost       |     4 |    23 ||    27
       Summon Ice Beast  |       |     4 ||     4
       Ozocubu's Armour  |       |     2 ||     2
  Use: Scroll            |       |    11 ||    11
       Potion            |       |     1 ||     1
 Stab: Sleeping          |     4 |     4 ||     8
  Eat: Chunk             |     2 |     8 ||    10
       Pizza             |       |     1 ||     1
